 Dungeon Crawl Stone Soup version 0.28-a0-1493-g08698888e4 (webtiles) character file.

Game seed: 6384923707539099683

56 bande the Covered (level 3, -3/24 HPs)
             Began as a Gargoyle Fighter on Jan 13, 2022.
             Slain by an iguana (7 damage)
             ... on level 2 of the Dungeon.
             The game lasted 00:02:48 (1563 turns).

bande the Covered (Gargoyle Fighter)                Turns: 1563, Time: 00:02:48

Health: -3/24      AC: 10    Str: 19    XL:     3   Next: 95%
Magic:  3/3        EV:  9    Int:  8    God:
Gold:   45         SH:  4    Dex: 11    Spells: 2/2 levels left

rFire   . . .      SeeInvis .   a - +0 war axe
rCold   . . .      Faith    .   c - +0 buckler
rNeg    + . .      Spirit   .   b - +0 scale mail
rPois   ∞          Reflect  .   (no helmet)
rElec   +          Harm     .   (no cloak)
rCorr   .          Rampage  .   (no gloves)
Will    .....                   (no boots)
Stlth   ..........              (no amulet)
HPRegen 0.08/turn               (no ring)
MPRegen 0.08/turn               (no ring)

@: no status effects
A: sickness immunity, AC +3, negative energy resistance 1, electricity
resistance, torment resistance 1, petrification resistance
a: no special abilities


You were on level 2 of the Dungeon.
You visited 1 branch of the dungeon, and saw 2 of its levels.

You collected 45 gold pieces.

Inventory:

Hand Weapons
 a - a +0 war axe (weapon)
Armour
 b - a +0 scale mail (worn)
 c - a +0 buckler (worn)
Scrolls
 e - a scroll of identify
 h - a scroll of teleportation {unknown}
Potions
 d - a potion of might
 f - a potion of mutation {unknown}
 g - a potion of cancellation


   Skills:
 + Level 3.7 Fighting
 + Level 2.4 Axes
 + Level 4.0 Armour
 + Level 3.6 Shields


You had 2 spell levels left.
You didn't know any spells.
Your spell library was empty.

Dungeon Overview and Level Annotations

Branches:
Dungeon (2/15)

Altars:


Innate Abilities, Weirdness & Mutations

You are immune to sickness and miasma.
Your stone body is resilient. (AC +3)
You are immune to poison.
You resist negative energy. (rN+)
You are resistant to electric shocks. (rElec)
You are resistant to unholy torment.
You are immune to petrification.


Message History

You closely miss the frilled lizard. The frilled lizard closely misses you.
You closely miss the frilled lizard.
The frilled lizard barely misses you. x2
You slash the frilled lizard!
You kill the frilled lizard!
No target in view!
No target in view!
No target in view!
No target in view!
No target in view!
No target in view!
You now have 45 gold pieces (gained 13).
h - a scroll labelled XYAKHL OPEMUCWE An iguana comes into view.
The iguana hisses angrily.
You see here 12 gold pieces.
The iguana barely misses you.
You slash the iguana!
The iguana is severely wounded.
You block the iguana's attack.
You hit the iguana.
The iguana is severely wounded.
The iguana bites you!
You closely miss the iguana.
The iguana is severely wounded.
The iguana barely misses you. The iguana bites you.
You closely miss the iguana.
The iguana is severely wounded.
The iguana barely misses you.
You hit the iguana.
The iguana is severely wounded.
The iguana barely misses you. The iguana bites you!
* * * LOW HITPOINT WARNING * * *
You are too injured to fight recklessly!
You are too injured to fight recklessly!
You are too injured to fight recklessly!
You are too injured to fight recklessly!
You are too injured to fight recklessly!
You are too injured to fight recklessly!
The iguana bites you!
You die...

####).......#
#..##.##.
##.#...#.#
#.......#
#######.#........
#.......##.#.##..
#.....$....### .
#......##...#
######@#...##.
#l.......
#.#...#..
#.##.##.#. #..
... # ##. .#. .#
. . .♣ ♣. ♣♣


You could see an iguana.

Vanquished Creatures
  3 adders (D:2)
  A worm (D:2)
  2 ball pythons (D:2)
  4 endoplasms
  3 goblins
  3 hobgoblins
  A kobold (D:2)
  A quokka (D:2)
  3 bats
  A frilled lizard (D:2)
  4 rats
26 creatures vanquished.

Notes
Turn   | Place    | Note
-------+----------+-------------------------------------------
     0 | D:1      | bande the Gargoyle Fighter began the quest for the Orb.
     0 | D:1      | Reached XP level 1. HP: 14/14 MP: 1/1
   436 | D:1      | Found a faded altar of an unknown god.
   586 | D:1      | Reached XP level 2. HP: 19/19 MP: 2/2
  1157 | D:2      | Reached XP level 3. HP: 22/23 MP: 3/3
  1430 | D:2      | Reached skill level 4 in Armour
  1563 | D:2      | Slain by an iguana

Illustrated notes

Levels and vault maps discovered:
D:1:      tarquinn_simple_flora_water_d, layout_basic,
          hellmonk_ecumenical_altar_heavens_door, solitary_fountain
D:2:      layout_basic, serial_forest, infiniplex_forest_corner_1,
          infiniplex_forest_straight_3, infiniplex_forest_straight_2,
          infiniplex_forest_lined_2, infiniplex_forest_straight_4,
          infiniplex_forest_split, hangedman_decor_clover_reticule,
          hangedman_decor_points

Skill      XL: |  1  2  3 |
---------------+----------+-----
Axes           | 2 |  2.4
Armour         | 4 |  4.0
Fighting       | |  3.7
Shields        | |  3.6

Action                   || total
-------------------------++-------
Melee: War axe           ||    92
  Use: Scroll            ||     4
Armor: Scale mail        ||    50
Dodge: Dodged            ||    48
Block: Buckler           ||    24

Table legend: (Time is in decaauts)
 A = Elapsed time spent in this place.
 B = Non-inter-level travel time spent in this place.
 C = Inter-level travel time spent in this place.
 D = Time resting spent in this place.
 E = Time spent auto-exploring this place.
 F = Levels seen in this place.
 G = Mean time per level.
                   A        B        C        D        E       F      G
               +--------+--------+--------+--------+--------+-----+--------+
         Total |   1602 |   1574 |     28 |    282 |   1055 |   2 |  801.0 |
       Dungeon |   1602 |   1574 |     28 |    282 |   1055 |   2 |  801.0 |
               +--------+--------+--------+--------+--------+-----+--------+

Top non-repeatable levels by time:
     D:1: 932 daAuts
     D:2: 669 daAuts
